[Event "Titled Tuesday Blitz June 6 Early 2023"]
[White "Vivas Zamora, Fabian Ernesto"]
[Black "Vera Gonzalez-Quevedo, Reynaldo"]
[WhiteFideId "3902480"]
[BlackFideId "3500055"]
[WhiteElo "2244"]
[BlackElo "2461"]
[Result "1-0"]
[Round "8"]
[TimeControl "180+2"]
[Date "2023.06.06"]
[WhiteClock "0:00:02"]
[BlackClock "0:01:01"]
[Board "140"]

1. e4 c5 2. Nf3 a6 3. c3 d5 4. exd5 Nf6 5. d4 cxd4 6. Qxd4 Qxd5 7. Na3 Nc6 8. Qxd5 Nxd5 9. Bc4 Nb6 10. Bb3 Na5 11. Be3 Nxb3 12. axb3 Nd5 13. Bd4 f6 14. O-O-O Bf5 15. Nc4 b5 16. Na5 Rc8 17. Nh4 Bg4 18. f3 Bd7 19. Bf2 Nf4 20. Rhe1 g5 21. g3 Nh3 22. Bd4 gxh4 23. Bxf6 Rg8 24. Nb7 Rc6 25. Bxh4 1-0


[Site "https://www.chess.com"]

[Event "Titled Tuesday Blitz June 6 Early 2023"]
[White "Shapiro, Daniel"]
[Black "agvania123"]
[WhiteFideId "2001780"]
[WhiteElo "2369"]
[BlackElo "2237"]
[Result "0-1"]
[Round "8"]
[TimeControl "180+2"]
[Date "2023.06.06"]
[WhiteClock "0:00:03"]
[BlackClock "0:00:54"]
[Board "141"]

1. d4 Nf6 2. c4 e6 3. g3 b6 4. Bg2 c6 5. Nf3 d5 6. Qc2 Bb7 7. O-O Nbd7 8. Nc3 Be7 9. Rd1 O-O 10. e4 dxe4 11. Ng5 h6 12. Ngxe4 Nxe4 13. Nxe4 Nf6 14. c5 Nxe4 15. Bxe4 Qd7 16. Be3 Rfd8 17. h4 Bf6 18. Qb3 Qc7 19. f4 Rd7 20. a4 Rad8 21. Rac1 Bxd4 22. Bxd4 Rxd4 23. Rxd4 Rxd4 24. Qe3 bxc5 25. Rxc5 Rd1+ 26. Kf2 Qb6 0-1


[Site "https://www.chess.com"]

[Event "Titled Tuesday Blitz June 6 Early 2023"]
[White "Clawitter, Craig"]
[Black "Hoffmann, Asa"]
[WhiteFideId "2023105"]
[BlackFideId "2001470"]
[WhiteElo "2234"]
[BlackElo "2117"]
[Result "0-1"]
[Round "8"]
[TimeControl "180+2"]
[Date "2023.06.06"]
[WhiteClock "0:00:01"]
[BlackClock "0:00:39"]
[Board "142"]

1. e4 d6 2. d4 Nf6 3. Nc3 c6 4. f4 Qa5 5. e5 Nd5 6. Bd2 Bf5 7. Nf3 e6 8. Ne4 Qc7 9. Nxd6+ Bxd6 10. exd6 Qxd6 11. Ne5 O-O 12. a3 Nd7 13. c4 N5f6 14. Bb4 c5 15. dxc5 Qxd1+ 16. Rxd1 Nxe5 17. fxe5 Ng4 18. c6 bxc6 19. Bxf8 Kxf8 20. Rd7 Nxe5 21. Rc7 a5 22. Kd1 Rb8 23. Kc1 Ke8 24. Be2 Rb3 25. Rd1 Re3 26. Bf1 g5 27. c5 Kf8 28. Ba6 h5 29. h3 h4 30. Rd2 Re1+ 31. Rd1 Re3 32. Rd2 Rg3 33. Kd1 g4 34. hxg4 Bxg4+ 35. Ke1 Bf5 36. Rf2 Rb3 37. Re2 Ng4 38. Rxc6 Kg7 39. Rc7 Ne3 0-1


[Site "https://www.chess.com"]

[Event "Titled Tuesday Blitz June 6 Early 2023"]
[White "le-castor-faineant"]
[Black "Korpics, Zsolt"]
[BlackFideId "705241"]
[WhiteElo "2227"]
[BlackElo "2349"]
[Result "1/2-1/2"]
[Round "8"]
[TimeControl "180+2"]
[Date "2023.06.06"]
[WhiteClock "0:00:03"]
[BlackClock "0:00:02"]
[Board "143"]

1. e4 c5 2. Nf3 e6 3. c3 Nf6 4. e5 Nd5 5. d4 cxd4 6. cxd4 d6 7. Bc4 Nb6 8. Bb3 Nc6 9. O-O Be7 10. Nc3 O-O 11. exd6 Bxd6 12. Bg5 Be7 13. Bf4 Nd5 14. Nxd5 exd5 15. Ne5 Nxe5 16. dxe5 Be6 17. Be3 Rc8 18. Bd4 a6 19. Qd3 Qd7 20. Rad1 Rfd8 21. Bb6 Re8 22. Bxd5 Bxd5 23. Qxd5 Qc6 24. Qxc6 Rxc6 25. Bd4 Rc2 26. Bc3 b5 27. Rd2 Rxd2 28. Bxd2 Rd8 29. Bc3 b4 30. Be1 Rd1 31. g3 Rb1 32. a3 bxa3 33. bxa3 Bxa3 34. f4 Bc5+ 35. Kg2 Rb2+ 36. Kh3 g6 37. Bc3 Rc2 38. Ba5 Ra2 39. Bc3 a5 40. Rb1 Kf8 41. Rb8+ Ke7 42. Rb7+ Ke6 43. Rc7 Be7 44. Ra7 Kd5 45. Rxa5+ Rxa5 46. Bxa5 Ke4 47. Kg4 h5+ 48. Kh3 Kf3 49. Bc3 g5 50. fxg5 Bxg5 51. Bb2 Be7 52. Bc3 Bg5 53. Bb2 Be7 54. Bc3 Bg5 1/2-1/2


[Site "https://www.chess.com"]

[Event "Titled Tuesday Blitz June 6 Early 2023"]
[White "Mejia, Cherry Ann"]
[Black "Samaganova, Aleksandra"]
[WhiteFideId "5206880"]
[BlackFideId "13800221"]
[WhiteElo "2007"]
[BlackElo "1858"]
[Result "1/2-1/2"]
[Round "8"]
[TimeControl "180+2"]
[Date "2023.06.06"]
[WhiteClock "0:00:07"]
[BlackClock "0:00:04"]
[Board "144"]

1. e4 c5 2. Nc3 e6 3. g3 Nc6 4. Bg2 g6 5. d3 Bg7 6. Be3 Nd4 7. Qd2 d6 8. Nd1 e5 9. c3 Nc6 10. Ne2 Nge7 11. Bh6 O-O 12. h4 f6 13. Bxg7 Kxg7 14. h5 g5 15. f4 exf4 16. gxf4 h6 17. d4 cxd4 18. Nxd4 Re8 19. Nf2 Nxd4 20. Qxd4 Nf5 21. Qd3 Qb6 22. O-O Ne3 23. Rfe1 Ng4 24. Qd4 Qxd4 25. cxd4 Nxf2 26. Kxf2 gxf4 27. Kf3 Kf7 28. Kxf4 Rg8 29. Bf3 Bd7 30. e5 fxe5+ 31. dxe5 dxe5+ 32. Rxe5 Rac8 33. Bd5+ Kf6 34. Bxg8 Rxg8 35. Re3 Rg4+ 36. Kf3 Rg5 37. Rd1 Bg4+ 38. Kf4 Bxd1 39. Rd3 Bg4 40. Rd6+ Kg7 41. b4 a6 42. a4 Bxh5 43. Rd7+ Bf7 44. Rxb7 a5 45. b5 Rh5 46. Kg3 Rc5 47. Ra7 Rc3+ 48. Kf2 Rc2+ 49. Kg3 Rc3+ 50. Kh2 Ra3 51. Rxa5 Bb3 52. Ra7+ Kg6 53. a5 Ra2+ 54. Kg3 Bc4 55. b6 Ra3+ 56. Kf4 Bd5 57. a6 Bc6 58. Rc7 Bg2 59. a7 Ra4+ 60. Kg3 Bh1 61. b7 Bxb7 62. Rxb7 h5 63. Rb6+ Kg5 64. Rb5+ Kg6 65. Rb7 Kg5 66. Rg7+ Kh6 67. Rb7 Kg5 68. Kh3 Ra3+ 69. Kg2 h4 70. Rb5+ Kg4 71. Rb4+ Kg5 72. Rb7 Kg4 73. Rg7+ Kh5 74. Kh2 Ra2+ 75. Kh3 Ra3+ 76. Kg2 Ra2+ 77. Kf3 Ra4 78. Rh7+ Kg5 79. Kg2 Kg4 80. Kf2 Kg5 81. Ke3 Kg4 82. Rg7+ Kh5 83. Kd3 Kh6 84. Rg4 Ra3+ 85. Kc2 Rxa7 86. Rxh4+ Kg5 87. Rb4 Rc7+ 88. Kb3 Rf7 89. Rb5+ Rf5 90. Kb4 Rxb5+ 91. Kxb5 1/2-1/2


[Site "https://www.chess.com"]

[Event "Titled Tuesday Blitz June 6 Early 2023"]
[White "Goswami, Vedant"]
[Black "Ciuffoletti, Paolo"]
[WhiteFideId "5003725"]
[BlackFideId "807630"]
[WhiteElo "2011"]
[BlackElo "2143"]
[Result "1-0"]
[Round "8"]
[TimeControl "180+2"]
[Date "2023.06.06"]
[WhiteClock "0:00:52"]
[BlackClock "0:00:05"]
[Board "145"]

1. a3 e5 2. c4 Nf6 3. Nc3 Nc6 4. g3 d5 5. cxd5 Nxd5 6. Bg2 Be6 7. d3 Be7 8. Nf3 O-O 9. O-O Nb6 10. Be3 a5 11. Na4 Nd5 12. Bc5 b5 13. Bxe7 Qxe7 14. Rc1 Nd4 15. Nc5 Nxf3+ 16. Bxf3 c6 17. Qc2 Rfc8 18. e3 f6 19. Bg2 Bf7 20. Bh3 Rc7 21. Rfd1 b4 22. d4 bxa3 23. bxa3 exd4 24. Rxd4 Rd8 25. Rcd1 Ra8 26. e4 Nb6 27. f3 h6 28. Qc3 a4 29. Qb4 Rb8 30. Qa5 1-0


[Site "https://www.chess.com"]

[Event "Titled Tuesday Blitz June 6 Early 2023"]
[White "Francisco_Ferrari"]
[Black "Pavlidou, Ekaterini"]
[BlackFideId "4213262"]
[WhiteElo "2148"]
[BlackElo "2126"]
[Result "0-1"]
[Round "8"]
[TimeControl "180+2"]
[Date "2023.06.06"]
[WhiteClock "0:00:01"]
[BlackClock "0:00:38"]
[Board "147"]

1. c4 e5 2. Nc3 Nc6 3. Nf3 g6 4. g3 Bg7 5. Bg2 d6 6. O-O Nge7 7. d3 h6 8. Rb1 Be6 9. b4 Qd7 10. a4 f5 11. e4 f4 12. Nd5 g5 13. b5 Nd8 14. d4 g4 15. Nh4 f3 16. Bh1 exd4 17. Bf4 c6 18. Nxe7 Qxe7 19. Ng6 Qd7 20. Nxh8 Bxh8 21. bxc6 Nxc6 22. h3 Bxc4 23. Re1 h5 24. hxg4 hxg4 25. Bxf3 gxf3 26. Qxf3 O-O-O 27. Rec1 Be6 28. a5 Kb8 29. Rb2 a6 30. Rcb1 Nxa5 31. Qa3 Qc7 32. Rb6 Nc4 33. Rxb7+ Qxb7 34. Rxb7+ Kxb7 35. Qb4+ Ka7 36. Bg5 Rd7 37. Bf4 d3 38. Qa4 d2 39. Qd1 Bc3 40. Qe2 Rb7 41. Be3+ Ka8 0-1


[Site "https://www.chess.com"]

[Event "Titled Tuesday Blitz June 6 Early 2023"]
[White "Yanayt, Eugene"]
[Black "Zallio, Luciano de Souza"]
[WhiteFideId "2020165"]
[BlackFideId "2109700"]
[WhiteElo "2083"]
[BlackElo "2057"]
[Result "1-0"]
[Round "8"]
[TimeControl "180+2"]
[Date "2023.06.06"]
[WhiteClock "0:00:17"]
[BlackClock "0:00:01"]
[Board "148"]

1. Nf3 d5 2. c4 e6 3. g3 Nf6 4. Bg2 Be7 5. Qc2 O-O 6. d4 c6 7. O-O Nbd7 8. b3 dxc4 9. bxc4 c5 10. Rd1 cxd4 11. Nxd4 Qb6 12. Nb3 Nc5 13. Be3 Qc7 14. Nd4 Bd7 15. Nc3 a6 16. a4 Rac8 17. a5 Rfd8 18. Rdb1 g6 19. h3 e5 20. Nf3 Be6 21. Na4 Nce4 22. Nb6 Rb8 23. Ne1 Nc5 24. Bg5 Ncd7 25. Nd3 Nxb6 26. Rxb6 Qxc4 27. Qxc4 Bxc4 28. Bxf6 Bxf6 29. Rxf6 Bxd3 30. exd3 Rxd3 31. Re1 Rd2 32. Rxe5 Rc8 33. Bxb7 Rc1+ 34. Kg2 Rc7 35. Bxa6 Kg7 36. Rb6 Rcc2 37. Re3 Rxf2+ 38. Kg1 Rg2+ 39. Kf1 Rh2 40. Re2 Rc1+ 41. Re1 Rh1+ 42. Kf2 Rhxe1 43. Rb2 Rh1 44. Bb7 Rh2+ 45. Kf3 Rxb2 46. a6 Rc3+ 47. Kf4 Rb4+ 48. Ke5 Ra3 49. Kd6 Rb6+ 50. Kc7 Rbxa6 51. Bc8 Ra7+ 52. Kb8 1-0


[Site "https://www.chess.com"]

[Event "Titled Tuesday Blitz June 6 Early 2023"]
[White "Sanchez, Robert"]
[Black "Todorovic, Bojan"]
[WhiteFideId "2034360"]
[BlackFideId "917087"]
[WhiteElo "1808"]
[BlackElo "2266"]
[Result "1-0"]
[Round "8"]
[TimeControl "180+2"]
[Date "2023.06.06"]
[WhiteClock "0:01:15"]
[BlackClock "0:00:38"]
[Board "149"]

1. e4 g6 2. d4 Bg7 3. Nc3 d6 4. Be3 a6 5. f3 Nc6 6. Qd2 e5 7. d5 Nce7 8. O-O-O f5 9. Kb1 Nf6 10. h3 O-O 11. g4 f4 12. Bf2 Ne8 13. Bd3 c6 14. dxc6 bxc6 15. Bc4+ Kh8 16. h4 Rb8 17. Nh3 Rb4 18. Bb3 Rd4 19. Bxd4 exd4 20. Ne2 c5 21. Nexf4 Nc7 22. Ng5 d5 23. h5 c4 24. hxg6 h6 25. Ba4 Nb5 26. Nf7+ Rxf7 27. gxf7 Qb6 28. Bxb5 c3 29. Qxd4 Bxd4 30. f8=Q+ Ng8 31. Rxd4 Qxd4 32. Rxh6# 1-0


[Site "https://www.chess.com"]

[Event "Titled Tuesday Blitz June 6 Early 2023"]
[White "Kriti Mayur Patel"]
[Black "Toczek, Grzegorz"]
[WhiteFideId "35061780"]
[BlackFideId "1106457"]
[WhiteElo "1306"]
[BlackElo "2093"]
[Result "1-0"]
[Round "8"]
[TimeControl "180+2"]
[Date "2023.06.06"]
[WhiteClock "0:00:29"]
[BlackClock "0:00:12"]
[Board "150"]

1. e4 b6 2. d4 Bb7 3. Bd3 e6 4. f4 c5 5. c3 Nf6 6. Nd2 d5 7. e5 Ne4 8. Nxe4 dxe4 9. Bb5+ Nc6 10. Qe2 a6 11. Bxc6+ Bxc6 12. Be3 cxd4 13. Bxd4 Bc5 14. Rd1 Qd5 15. b4 Bxd4 16. Rxd4 Qb5 17. Qg4 O-O 18. Ne2 a5 19. O-O axb4 20. cxb4 Ra3 21. Rc1 Bd5 22. Nc3 Qa6 23. Nxe4 Bxe4 24. Rxe4 Rxa2 25. Rec4 h6 26. h3 Rb2 27. Kh2 b5 28. Rd4 Qa2 29. Rc7 h5 30. Qg5 Rf2 31. Rd8 Rxd8 32. Qxd8+ Kh7 33. Qg5 Kg8 34. Rc8+ Kh7 35. Qxh5# 1-0


[Site "https://www.chess.com"]

[Event "Titled Tuesday Blitz June 6 Early 2023"]
[White "Floresvillar Gonzalez, Luis Migu"]
[Black "Palacio,Igor Da Paz"]
[WhiteFideId "5100542"]
[BlackFideId "2121140"]
[WhiteElo "2040"]
[BlackElo "2126"]
[Result "0-1"]
[Round "8"]
[TimeControl "180+2"]
[Date "2023.06.06"]
[WhiteClock "0:00:04"]
[BlackClock "0:00:02"]
[Board "151"]

1. d4 Nf6 2. c3 d6 3. Nf3 g6 4. Bg5 Bg7 5. Nbd2 h6 6. Bh4 g5 7. Bg3 Nh5 8. e4 Nd7 9. Be2 e6 10. Qc2 Qe7 11. Nc4 b6 12. Ne3 Bb7 13. e5 Nxg3 14. exd6 cxd6 15. hxg3 O-O-O 16. O-O-O Kb8 17. Qa4 Rc8 18. Ba6 Bxa6 19. Qxa6 Nf6 20. Qd3 Qb7 21. Kb1 Rc7 22. Nd2 Rhc8 23. f3 a6 24. g4 Ka7 25. Ne4 Nd5 26. Nxd5 Qxd5 27. a3 Rd7 28. Ng3 Qb3 29. Qc2 Qxc2+ 30. Kxc2 Rdc7 31. Kb3 d5 32. Nh5 Bh8 33. Ng3 Bg7 34. Nh5 Bh8 35. Rd2 b5 36. Re2 Kb6 37. Ng3 Bg7 38. Nh5 Bh8 39. g3 a5 40. f4 Rg8 41. f5 exf5 42. gxf5 g4 43. f6 Rc6 44. Rf1 Rg6 45. Ref2 Rg5 46. Nf4 Rf5 47. Nd3 Rxf2 48. Rxf2 Rxf6 49. Rxf6+ Bxf6 50. Nf4 Kc6 51. Nh5 Bg5 52. a4 bxa4+ 53. Kxa4 Kb6 54. Kb3 Bd2 55. Ka4 Be1 0-1


[Site "https://www.chess.com"]

[Event "Titled Tuesday Blitz June 6 Early 2023"]
[White "Quirke, Jeffrey"]
[Black "White, John S."]
[WhiteFideId "2013029"]
[BlackFideId "2502348"]
[WhiteElo "2205"]
[BlackElo "2004"]
[Result "1-0"]
[Round "8"]
[TimeControl "180+2"]
[Date "2023.06.06"]
[WhiteClock "0:00:23"]
[BlackClock "0:01:02"]
[Board "152"]

1. e4 e6 2. d4 d5 3. e5 c5 4. c3 Nc6 5. Nf3 Qb6 6. Bd3 Bd7 7. O-O cxd4 8. Re1 dxc3 9. Nxc3 Bb4 10. Ng5 Bxc3 11. bxc3 f5 12. exf6 Nxf6 13. Nxe6 Bxe6 14. Rxe6+ Kf7 15. Rxf6+ gxf6 16. Qh5+ Ke7 17. Ba3+ Kd8 18. Qf7 Ne5 19. Qxd5+ Nd7 20. Bf5 Qc6 21. Rd1 Kc7 22. Qxd7+ Qxd7 23. Rxd7+ Kb6 24. Be4 Rae8 25. f3 Rc8 26. Rxb7+ Ka6 27. Rb3 Rc4 28. Bd3 1-0


[Site "https://www.chess.com"]

[Event "Titled Tuesday Blitz June 6 Early 2023"]
[White "ZeGood_ZeBad_ZeUgly"]
[Black "Porat, Tori"]
[BlackFideId "30982626"]
[WhiteElo "2198"]
[BlackElo "1752"]
[Result "1-0"]
[Round "8"]
[TimeControl "180+2"]
[Date "2023.06.06"]
[WhiteClock "0:00:07"]
[BlackClock "0:00:03"]
[Board "153"]

1. Nf3 d5 2. g3 c5 3. Bg2 Nc6 4. d4 cxd4 5. Nxd4 e5 6. Nxc6 bxc6 7. c4 Bb7 8. Nc3 Nf6 9. Bg5 d4 10. Ne4 Bb4+ 11. Kf1 Be7 12. Bxf6 Bxf6 13. c5 O-O 14. Nd6 Qc7 15. Qa4 Be7 16. Nxb7 Qxb7 17. b4 Rac8 18. h4 f5 19. Kg1 f4 20. Be4 Qd7 21. Kg2 Qg4 22. Bf3 Qf5 23. g4 Qg6 24. Qxa7 Bd8 25. h5 Qg5 26. Rag1 Re8 27. Be4 Bf6 28. f3 Be7 29. h6 g6 30. Qd7 Qf6 31. Kf2 Red8 32. Qb7 Qe6 33. a3 d3 34. Bxd3 Qd5 35. Qa6 Qd4+ 36. Kg2 Kh8 37. Qc4 Qe3 38. Qf7 Bf8 39. Qf6+ Kg8 40. Bc4+ Rd5 41. Bxd5+ cxd5 42. Qe6+ Kh8 43. Qf6+ Kg8 44. Qe6+ Kh8 45. Rf1 Ra8 46. Qxd5 Qxe2+ 47. Rf2 Qe3 48. Qxa8 Qd3 49. Qxf8# 1-0


[Site "https://www.chess.com"]

[Event "Titled Tuesday Blitz June 6 Early 2023"]
[White "Winkels, Marcel"]
[Black "Mishra, Manoj"]
[WhiteFideId "1003887"]
[BlackFideId "5006007"]
[WhiteElo "1900"]
[BlackElo "1847"]
[Result "1-0"]
[Round "8"]
[TimeControl "180+2"]
[Date "2023.06.06"]
[WhiteClock "0:00:17"]
[BlackClock "0:00:02"]
[Board "154"]

1. e4 g6 2. d4 Bg7 3. Nc3 d6 4. Nf3 Nf6 5. Be2 O-O 6. O-O Nbd7 7. e5 Ne8 8. Bf4 e6 9. Bg5 f6 10. exf6 Ndxf6 11. Bc4 d5 12. Bd3 h6 13. Bh4 g5 14. Bg3 Nd6 15. Ne5 h5 16. Bg6 h4 17. f4 hxg3 18. fxg5 gxh2+ 19. Kh1 Nfe4 20. Nxe4 Nxe4 21. Bf7+ Rxf7 22. Nxf7 Ng3+ 23. Kxh2 Nxf1+ 24. Qxf1 Qf8 25. g6 Bd7 26. Qf3 Be8 27. Rf1 Bxf7 28. gxf7+ Kh8 29. Qh5+ Bh6 30. Rf6 Kh7 31. Qg6+ Kh8 32. Qxh6+ Qxh6+ 33. Rxh6+ Kg7 34. Rxe6 Kxf7 35. Re5 c6 36. g4 Kf6 37. g5+ Kg6 38. Kg3 Rf8 39. Kg4 Rf2 40. Re6+ Kf7 41. Rh6 Rg2+ 42. Kf5 Rf2+ 43. Ke5 Rxc2 44. Rh7+ Kg6 45. Rxb7 Kxg5 46. a4 a5 47. Kd6 Kf4 48. Rb6 Ke4 49. b4 axb4 50. Rxb4 Kd3 51. a5 Kc3 52. Ra4 Kb3 53. Ra1 Rh2 54. a6 Kc4 55. Kxc6 Rh8 56. a7 1-0


[Site "https://www.chess.com"]

[Event "Titled Tuesday Blitz June 6 Early 2023"]
[White "Larina, Maria"]
[Black "Lisjak, Zlatko"]
[WhiteFideId "24113182"]
[BlackFideId "14502186"]
[WhiteElo "1848"]
[BlackElo "1998"]
[Result "1-0"]
[Round "8"]
[TimeControl "180+2"]
[Date "2023.06.06"]
[WhiteClock "0:00:08"]
[BlackClock "0:00:01"]
[Board "155"]

1. e4 d6 2. d4 Nf6 3. Nc3 c6 4. f3 Qb6 5. g4 e5 6. dxe5 dxe5 7. Qe2 h6 8. h4 Bc5 9. Nh3 Nbd7 10. g5 hxg5 11. hxg5 Nh5 12. Qg2 Be3 13. Bxe3 Qxb2 14. Rd1 Qxc3+ 15. Qd2 Qxd2+ 16. Bxd2 Ng3 17. Rh2 Nf8 18. Bg2 Ne6 19. Kf2 Nh5 20. Rdh1 g6 21. Bf1 Nef4 22. Nxf4 exf4 23. Bxf4 Be6 24. Be5 Rg8 25. a4 O-O-O 26. Ke3 Rgf8 27. a5 f6 28. gxf6 Nxf6 29. a6 b6 30. Rg1 Rde8 31. Bc3 Bg8 32. Rxg6 Nd5+ 33. Kd2 Nxc3 34. Kxc3 Rxf3+ 35. Bd3 c5 36. Rh8 c4 37. Rgxg8 Rxg8 38. Rxg8+ Kd7 39. Rg7+ Kd6 40. Rxa7 cxd3 41. cxd3 Kc5 42. Rc7+ Kd6 43. a7 Rf8 44. Rb7 Ra8 45. Rxb6+ Kc5 46. Rb7 Kc6 47. Rg7 Re8 48. d4 Kb6 49. e5 1-0


[Site "https://www.chess.com"]

[Event "Titled Tuesday Blitz June 6 Early 2023"]
[White "Blackwhite017"]
[Black "KSho99"]
[WhiteElo "2081"]
[BlackElo "2193"]
[Result "1-0"]
[Round "8"]
[TimeControl "180+2"]
[Date "2023.06.06"]
[WhiteClock "0:00:14"]
[BlackClock "0:00:01"]
[Board "156"]

1. e4 c6 2. Nf3 d5 3. exd5 cxd5 4. Ne5 a6 5. d4 Nc6 6. c3 Nxe5 7. dxe5 e6 8. Bd3 Ne7 9. O-O Bd7 10. Qe2 Nc6 11. Nd2 Bc5 12. Nf3 O-O 13. Bxh7+ Kxh7 14. Ng5+ Kg6 15. Qd3+ f5 16. exf6+ Kxf6 17. Nh7+ Kf7 18. Ng5+ Ke7 19. Nh7 Rf5 20. Bg5+ Rxg5 21. Nxg5 Ne5 22. Qg3 Bd6 23. Rae1 Qc7 24. f4 Nf7 25. Qh4 Rh8 26. Nh7+ Ke8 27. f5 1-0


[Site "https://www.chess.com"]

[Event "Titled Tuesday Blitz June 6 Early 2023"]
[White "Cramling Bellon, Anna"]
[Black "Joubert, Dantelle"]
[WhiteFideId "32009232"]
[BlackFideId "14310813"]
[WhiteElo "1976"]
[BlackElo "1507"]
[Result "1-0"]
[Round "8"]
[TimeControl "180+2"]
[Date "2023.06.06"]
[WhiteClock "0:00:34"]
[BlackClock "0:01:00"]
[Board "157"]

1. d4 d5 2. c4 e6 3. Nc3 Nf6 4. cxd5 Nxd5 5. e4 Nxc3 6. bxc3 c5 7. Nf3 cxd4 8. cxd4 Bb4+ 9. Bd2 Bxd2+ 10. Qxd2 O-O 11. Bd3 Nd7 12. Rd1 b6 13. O-O Bb7 14. Qf4 Nf6 15. e5 Nd5 16. Qe4 g6 17. Qg4 Kg7 18. Ng5 Qe7 19. h4 h6 20. Ne4 h5 21. Qg3 Rac8 22. Nd6 Rc3 23. Rc1 Ba8 24. Rxc3 Nxc3 25. Rc1 Nd5 26. f4 Rd8 27. f5 exf5 28. Nxf5+ 1-0


[Site "https://www.chess.com"]

[Event "Titled Tuesday Blitz June 6 Early 2023"]
[White "Nikulina, Alena"]
[Black "Alexanian, Nelli"]
[WhiteFideId "4172051"]
[BlackFideId "4170539"]
[WhiteElo "1608"]
[BlackElo "2037"]
[Result "0-1"]
[Round "8"]
[TimeControl "180+2"]
[Date "2023.06.06"]
[WhiteClock "0:00:02"]
[BlackClock "0:00:24"]
[Board "158"]

1. e4 e6 2. d4 d5 3. exd5 exd5 4. c4 Nf6 5. Nc3 Bd6 6. Nf3 O-O 7. Bd3 Re8+ 8. Be3 Ng4 9. O-O Nxe3 10. fxe3 c6 11. e4 dxe4 12. Nxe4 Bg4 13. h3 Bh5 14. Nxd6 Qxd6 15. Bxh7+ Kxh7 16. Ng5+ Kg6 17. Qd3+ Kxg5 18. Rf5+ Kh6 19. Qd2+ Kh7 20. Rxh5+ Kg8 21. Qd3 Qg6 22. Rf5 Nd7 23. Raf1 Nf6 24. Qf3 Re6 25. d5 cxd5 26. cxd5 Rd6 27. Qf4 Rad8 28. Rg5 Qe4 29. Qg3 Qd4+ 30. Kh1 Ne4 31. Qg4 Rxd5 32. Rxd5 Qxd5 33. Rf4 Qd1+ 34. Kh2 Qxg4 35. Rxg4 f5 0-1


[Site "https://www.chess.com"]

[Event "Titled Tuesday Blitz June 6 Early 2023"]
[White "Flis, Pawel"]
[Black "Skiadopoulos, Nikolaos"]
[WhiteFideId "1112864"]
[BlackFideId "4200772"]
[WhiteElo "1822"]
[BlackElo "2022"]
[Result "1/2-1/2"]
[Round "8"]
[TimeControl "180+2"]
[Date "2023.06.06"]
[WhiteClock "0:00:17"]
[BlackClock "0:00:53"]
[Board "159"]

1. e4 c5 2. Nf3 Nc6 3. d4 cxd4 4. Nxd4 e5 5. Nb5 d6 6. N1c3 a6 7. Na3 b5 8. Nd5 Nce7 9. c4 Nxd5 10. cxd5 Be7 11. Bd3 Bg5 12. O-O Nh6 13. Nc2 O-O 14. Nb4 Bd7 15. Bd2 Rc8 16. Nxa6 Bxd2 17. Qxd2 Ng4 18. h3 Nh6 19. Rac1 Qh4 20. Qe3 f5 21. exf5 Nxf5 22. Bxf5 Bxf5 23. Rxc8 Rxc8 24. Rc1 Rc4 25. b3 Rxc1+ 26. Qxc1 Qd4 27. Qc6 h6 28. Nc7 Qd1+ 29. Kh2 Qd2 30. Qxd6 Qf4+ 31. Kg1 Qc1+ 32. Kh2 Qf4+ 33. Kh1 Qc1+ 34. Kh2 Qf4+ 1/2-1/2


[Site "https://www.chess.com"]

[Event "Titled Tuesday Blitz June 6 Early 2023"]
[White "Maluco_do_Natal_00"]
[Black "Sokolov, Andrei"]
[BlackFideId "11600306"]
[WhiteElo "2060"]
[BlackElo "2473"]
[Result "0-1"]
[Round "8"]
[TimeControl "180+2"]
[Date "2023.06.06"]
[WhiteClock "0:00:01"]
[BlackClock "0:01:34"]
[Board "160"]

1. e4 c5 2. Nf3 Nc6 3. d4 cxd4 4. Nxd4 g6 5. Nc3 Bg7 6. Be3 Nf6 7. Bc4 Qa5 8. O-O O-O 9. Bb3 d6 10. h3 Bd7 11. Re1 Rac8 12. Nxc6 Rxc6 13. Qd2 Rfc8 14. Rad1 Rxc3 15. bxc3 Nxe4 16. Qd5 Qxd5 17. Bxd5 Nxc3 18. Rd3 Nxd5 19. Rxd5 Rxc2 20. Bxa7 Rxa2 21. Rxe7 Bc6 22. Rxd6 Rxa7 23. Rxc6 Ra1+ 24. Kh2 bxc6 25. Re8+ Bf8 26. Rc8 Rc1 27. g4 c5 28. Kg3 c4 29. Kf4 Kg7 30. Kf3 c3 31. h4 c2 32. h5 gxh5 33. gxh5 Rh1 34. Rxc2 Rxh5 35. Rc8 Bd6 36. Kg4 Rh6 37. f3 Rg6+ 38. Kf5 Rf6+ 39. Ke4 Rf4+ 40. Ke3 Rf6 41. Ke4 h5 42. Rc2 h4 43. Rg2+ Rg6 44. Rd2 h3 45. f4 Rg2 0-1


[Site "https://www.chess.com"]

[Event "Titled Tuesday Blitz June 6 Early 2023"]
[White "Dubov, Daniil"]
[Black "Martinez Alcantara, Jose Eduardo"]
[WhiteFideId "24126055"]
[BlackFideId "3805662"]
[WhiteElo "2793"]
[BlackElo "2711"]
[Result "1/2-1/2"]
[Round "9"]
[TimeControl "180+2"]
[Date "2023.06.06"]
[WhiteClock "0:00:12"]
[BlackClock "0:00:08"]
[Board "1"]

1. g3 c5 2. Bg2 Nc6 3. c4 g6 4. Nc3 Bg7 5. Nf3 d6 6. Rb1 e6 7. O-O Nge7 8. d3 O-O 9. a3 Rb8 10. Bd2 b6 11. b4 Bb7 12. Re1 Nd4 13. e3 Nxf3+ 14. Bxf3 Bxf3 15. Qxf3 Qd7 16. Rec1 Nc6 17. Qe2 f5 18. f4 Rbe8 19. Qf3 Kh8 20. Kh1 Ne7 21. Rc2 Rc8 22. Rbc1 Rfd8 23. Kg2 Nc6 24. Ne2 e5 25. b5 Ne7 26. e4 Rf8 27. Rf1 Rce8 28. Rcc1 Qe6 29. a4 fxe4 30. dxe4 exf4 31. Nxf4 Qd7 32. Bc3 Ng8 33. Qd3 Bxc3 34. Qxc3+ Qg7 35. Qxg7+ Kxg7 36. Rcd1 Rf6 37. Rfe1 Nh6 38. a5 Ng4 39. axb6 axb6 40. h3 Ne5 41. Nd5 Nxc4 42. Nxf6 Kxf6 43. Ra1 Re7 44. Ra4 Na5 45. Rd1 Ke6 46. h4 Rc7 47. Kf3 c4 48. Ra2 Rc5 49. Rad2 Nb7 50. Rd5 Rc8 51. Ke3 Ra8 52. Rc1 Ra3+ 53. Kf4 Nc5 54. Rxc4 Nd3+ 55. Kg5 Ne5 56. Rc7 Rxg3+ 57. Kh6 Rg4 58. h5 gxh5 59. Rxh7 Rxe4 60. Rd1 Ng4+ 61. Kg5 Nf6 62. Rb7 Rg4+ 63. Kh6 Rb4 64. Re1+ Kd5 65. Rxb6 Ng4+ 66. Kg7 Ne5 67. Rb8 Nd7 68. Rb7 Nc5 69. Rb8 Nd7 70. Rd8 Nc5 71. Rd1+ Kc4 72. R8xd6 Rxb5 73. R1d4+ Kc3 74. Kg6 Ra5 75. R4d5 Kc4 76. Rg5 Ra8 77. Rc6 Rg8+ 78. Kxh5 Rxg5+ 79. Kxg5 Kd5 80. Rc8 Ne4+ 81. Kf4 Nd6 82. Rd8 Ke6 83. Ra8 Kd5 84. Ra5+ Kd4 85. Re5 Nc4 86. Rg5 Nd6 87. Rh5 Nc4 88. Kf5 Kd5 89. Rg5 Nd6+ 90. Kf6+ Kd4 91. Ke6 Nc4 92. Rg4+ Kd3 93. Rh4 Ne3 94. Ke5 Nc4+ 95. Kd5 Ne3+ 96. Kc5 Ng2 97. Rd4+ Ke3 98. Rd8 Nf4 99. Kc4 Ke4 100. Re8+ Kf5 101. Kd4 Ne6+ 102. Kd5 Nc7+ 103. Kd6 Nxe8+ 1/2-1/2


[Site "https://www.chess.com"]

[Event "Titled Tuesday Blitz June 6 Early 2023"]
[White "Nihal Sarin"]
[Black "Svane, Rasmus"]
[WhiteFideId "25092340"]
[BlackFideId "4657101"]
[WhiteElo "2689"]
[BlackElo "2601"]
[Result "1-0"]
[Round "9"]
[TimeControl "180+2"]
[Date "2023.06.06"]
[WhiteClock "0:00:34"]
[BlackClock "0:00:01"]
[Board "2"]

1. e4 c6 2. d4 d5 3. e5 Bf5 4. h4 h5 5. Bd3 Bxd3 6. Qxd3 Qa5+ 7. Nd2 e6 8. Nf3 Nh6 9. O-O Nf5 10. Nb3 Qb5 11. Qd1 c5 12. a4 Qb6 13. dxc5 Bxc5 14. Nxc5 Qxc5 15. c3 Nc6 16. Re1 Rc8 17. Be3 Qc4 18. g3 Qg4 19. a5 O-O 20. Ra4 Qg6 21. Kg2 Rfd8 22. a6 b5 23. Rf4 Nb8 24. Qb3 Nxa6 25. Qxb5 Nc7 26. Qb7 d4 27. Nxd4 Nd5 28. Rxf5 exf5 29. Bg5 Rb8 30. Qc6 Qxc6 31. Nxc6 Rdc8 32. Nxb8 Rxb8 33. Rd1 Nc7 34. Rd8+ Rxd8 35. Bxd8 Ne6 36. Be7 f6 37. exf6 g6 38. Kf3 Kf7 39. Ke3 Nc7 40. c4 Ke6 41. b4 a6 42. Kd4 Na8 43. Bd8 Kd7 1-0


[Site "https://www.chess.com"]